 Dungeon Crawl Stone Soup version 0.16.1-18-g436b03c (webtiles) character file.

40 Leviathan2552 the Ducker (level 3, 0/17 HPs)
             Began as a Felid Berserker on May 5, 2015.
             Was a Believer of Trog.
             Succumbed to an adder's poison
             ... on level 2 of the Dungeon.
             The game lasted 00:03:41 (1319 turns).

Leviathan2552 the Ducker (Felid Berserker)          Turns: 1319, Time: 00:03:41

Health: 0/17       AC:  1    Str: 14    XL:     3   Next: 30%
Magic:  5/5        EV: 19    Int:  8    God:    Trog [**....]
Gold:   175        SH:  0    Dex: 15    Spells: 0 memorised, 2 levels left
                                        Lives:  0   Deaths: 0

rFire  . . .     SeeInvis +       - Unarmed
rCold  . . .     Clarity  .     (armour unavailable)
rNeg   . . .     SustAb   .     (shield unavailable)
rPois  .         Gourm    .     (helmet unavailable)
rElec  .         Spirit   .     (cloak unavailable)
rCorr  .         Warding  .     (gloves unavailable)
rMut   .         Stasis   .     (boots unavailable)
MR     .....                    (no amulet)
Stlth  ++........               (no ring)
                                (no ring)

@: lethally poisoned (0 -> -9), quick, not resistant to hostile enchantments,
unstealthy
A: paw claws, no armour, no weapons or thrown items, fangs 3, see invisible,
carnivore 3, speed 1, shaggy fur 1, slow metabolism 1, sharp paws
a: Burn Spellbooks, Berserk, Trog's Hand, Renounce Religion


You were on level 2 of the Dungeon.
You worshipped Trog.
Trog was pleased with you.
You were full.

You visited 1 branch of the dungeon, and saw 2 of its levels.

You collected 175 gold pieces.

Inventory:

Jewellery
 a - a +2 ring of dexterity {unknown}
 j - an uncursed ring of magical power {unknown}
Scrolls
 d - a scroll of fear {unknown}
 e - 2 scrolls of remove curse {unknown}
 f - 2 scrolls of identify {unknown}
 g - a scroll of immolation {unknown}
 h - a scroll of enchant armour {unknown}
 i - a scroll of random uselessness {unknown}
Potions
 b - 2 potions of magic {unknown}
Comestibles
 c - a meat ration


   Skills:
 + Level 3.6 Fighting
 + Level 4.2 Dodging
 + Level 1.5 Stealth
 + Level 3.5 Unarmed Combat


You had 2 spell levels left.
You didn't know any spells.

Dungeon Overview and Level Annotations

Branches:
Dungeon (2/15)

Altars:


Innate Abilities, Weirdness & Mutations

You cannot wear armour.
You are incapable of wielding weapons or throwing items.
You have razor-sharp teeth.
You have supernaturally acute eyesight.
You are carnivorous and can eat meat at any time.
You cover ground quickly.
You are covered in fur (AC +1).
You have a slow metabolism.
Your paws have sharp claws that are effective at stabbing.


Message History

You feel sick.
* * * LOW HITPOINT WARNING * * *
You feel sick.
* * * LOW HITPOINT WARNING * * *
You feel sick.
You scratch the giant cockroach.
The giant cockroach is heavily wounded.
* * * LOW HITPOINT WARNING * * *
You feel sick. The giant cockroach misses you.
You scratch the giant cockroach but do no damage.
The giant cockroach is heavily wounded.
* * * LOW HITPOINT WARNING * * *
You feel sick.
The giant cockroach completely misses you.
You barely miss the giant cockroach.
The giant cockroach is heavily wounded.
The giant cockroach misses you. x2
You closely miss the giant cockroach.
The giant cockroach is heavily wounded.
You die...

....# #.. =%.....# ### #..
.....<..# .... #..
....(....# ....... #..
#........###........ #..
+.................... #..
##...........####......
#.#
$.........[............
#.# #...†....s@(....# #.#
.#........[......##### #.#
#.................(......
#.#
#..8..(..8.........#####
#.# ...................#
#..
....>.....##......######
#..
.........##...........#
#..
.....................##
#..
........########.....####.


You could see a giant cockroach.

Vanquished Creatures
  An adder (D:2)
  A giant mite (D:1)
  6 hobgoblins (D:1)
  3 kobolds
  2 bats (D:1)
  A giant gecko (D:1)
  3 giant newts (D:1)
  4 goblins
  A quokka (D:1)
  3 rats (D:2)
25 creatures vanquished.

Notes
Turn   | Place    | Note
--------------------------------------------------------------
     0 | D:1      | Leviathan2552, the Felid Berserker, began the quest for the Orb.
     0 | D:1      | Reached XP level 1. HP: 10/10 MP: 2/2
   239 | D:1      | Reached XP level 2. HP: 11/14 MP: 3/3
   602 | D:1      | Reached skill level 1 in Stealth
  1050 | D:2      | Acquired Trog's second power
  1278 | D:2      | Reached XP level 3. HP: 17/17 MP: 5/5
  1319 | D:2      | Succumbed to an adder's poison

Action                   || total
-------------------------++-------
Melee: Unarmed           ||    63
 Stab: Sleeping          ||     4
  Eat: Chunk             ||     4
